 Dungeon Crawl Stone Soup version 0.24-a0-189-g5d897e9 (webtiles) character file.

Game seed: 6198173767722247382

65 Lanoc the Sneak (level 4, 0/30 HPs)
             Began as an Octopode Assassin on Mar 17, 2019.
             Killed by nerve-wracking pain
             ... invoked by Grinder
              (4 damage)
             ... while paralysed by Grinder
             ... on level 3 of the Dungeon.
             The game lasted 00:02:55 (1446 turns).

Lanoc the Sneak (Octopode Assassin)                 Turns: 1446, Time: 00:02:56

Health: 0/30       AC:  1    Str: 15    XL:     4   Next: 14%
Magic:  4/4        EV:  2    Int: 13    God:
Gold:   94         SH:  0    Dex: 14    Spells: 3/3 levels left

rFire    . . .     SeeInvis .   a - +2 dagger
rCold    . . .     Gourm    .   (no shield)
rNeg     . . .     Faith    .   (helmet restricted)
rPois    .         Spirit   .   k - amulet of the acrobat
rElec    .         Reflect  .   e - ring of flight
rCorr    .         Harm     .   w - +5 ring of strength
MR       .....                  (no ring)
Stlth    ++++......             (no ring)
HPRegen  0.10/turn              (no ring)
MPRegen  0.09/turn              (no ring)
                                (no ring)
                                (no ring)

@: paralysed
A: almost no armour, stealthy swim, amphibious, 8 rings, constrict 8, camouflage
1, gelatinous body 1
a: Evoke Flight


You were on level 3 of the Dungeon.
You were not hungry.

You visited 1 branch of the dungeon, and saw 3 of its levels.

You collected 94 gold pieces.

Inventory:

Hand Weapons
 a - a +2 dagger (weapon)
 b - a +0 blowgun
Missiles
 c - 8 poisoned needles
 d - 2 curare-tipped needles
Jewellery
 e - a ring of flight (left tentacle)
 k - an amulet of the acrobat (around mantle)
 w - a +5 ring of strength (right tentacle)
Wands
 r - a wand of random effects (8)
Scrolls
 h - 3 scrolls of teleportation {unknown}
 i - 2 scrolls of blinking {unknown}
 l - 3 scrolls of noise {unknown}
 m - 2 scrolls of remove curse {unknown}
 n - 2 scrolls of magic mapping {unknown}
 o - a scroll of enchant weapon {unknown}
 p - 2 scrolls of identify {unknown}
 q - a scroll of amnesia {unknown}
Potions
 g - a potion of degeneration {unknown}
 j - a potion of lignification {unknown}
 s - a potion of curing {unknown}
 t - 2 potions of haste
 v - a potion of mutation {unknown}
 x - a potion of might {unknown}
Comestibles
 f - 7 rations
 u - a chunk of flesh


   Skills:
 + Level 2.5 Fighting
 * Level 2.9 Short Blades
 - Level 2.0 Throwing
 + Level 1.6 Dodging
 * Level 6.2 Stealth


You had 3 spell levels left.
You didn't know any spells.
Your spell library was empty.

Dungeon Overview and Level Annotations

Branches:
Dungeon (3/15)

Altars:
Kikubaaqudgha

Annotations:
D:3 Grinder


Innate Abilities, Weirdness & Mutations

You cannot wear most types of armour.
You are very stealthy in the water. (Stealth+)
You are amphibious.
You can wear up to eight rings at the same time.
You can use your tentacles to constrict eight enemies at once.
Your skin changes colour to match your surroundings (Stealth+).
Your rubbery body absorbs attacks. (AC +1, EV +1)


Message History

You hit Grinder. You grab Grinder. You squeeze Grinder!
Grinder is almost dead.
You constrict Grinder. Grinder hits you!
You writhe in agony.
Grinder hits you but does no damage.
You barely miss Grinder.
Grinder is almost dead.
You constrict Grinder.
Grinder says, "Just stop there for a second..."
Grinder gestures at you.
You suddenly lose the ability to move!
You lose your grip on Grinder.
Grinder hits you.
* * * LOW HITPOINT WARNING * * *
You writhe in agony.
* * * LOW HITPOINT WARNING * * *
Grinder completely misses you.
Grinder blinks!
Grinder says, "Just stop there for a second..."
Grinder gestures at you. Pain shoots through your body!
You die...

##)...(## ##.##
....#...## #.#
############
...#.....###>##
#...........
####..........#
#.##########
..........###.#
#.# #####...#.#
#<# #.# ##.##.#
#.# #.# #.##.#
#.#######5#
#....#
#...@ยง....#
######
###########


You could see Grinder.

Vanquished Creatures
  Robin (D:3)
  An adder (D:3)
  A worm (D:2)
  2 orcs (D:3)
  4 bats
  3 giant cockroaches
  13 goblins
  4 hobgoblins
  3 frilled lizards
  A kobold (D:2)
  6 rats
39 creatures vanquished.

Notes
Turn   | Place    | Note
-------+----------+-------------------------------------------
     0 | D:1      | Lanoc the Octopode Assassin began the quest for the Orb.
     0 | D:1      | Reached XP level 1. HP: 14/14 MP: 1/1
   315 | D:1      | Reached XP level 2. HP: 19/19 MP: 2/2
   725 | D:2      | Reached XP level 3. HP: 24/24 MP: 3/3
   742 | D:3      | Noticed Robin
  1122 | D:3      | Found an ancient bone altar of Kikubaaqudgha.
  1128 | D:3      | Reached skill level 6 in Stealth
  1230 | D:3      | Killed Robin
  1230 | D:3      | Reached XP level 4. HP: 23/30 MP: 4/4
  1413 | D:3      | Noticed Grinder
  1419 | D:3      | Paralysed by Grinder for 4 turns
  1429 | D:3      | Paralysed by Grinder for 5 turns
  1443 | D:3      | Paralysed by Grinder for 7 turns
  1446 | D:3      | Killed from afar by Grinder

Levels and vault maps discovered:
D:1:      giann_forest_graveyard, layout_basic
D:2:      layout_loops_ring
D:3:      layout_loops_ring, lemuel_round_altar, first_ration, uniq_grinder,
          uniq_robin

Skill      XL: |  1  2  3 |
---------------+----------+-----
Stealth        | 6 |  6.2
Fighting       | |  2.5
Short Blades   | |  2.9
Throwing       | |  2.0
Dodging        | |  1.6

Action                   |  1- 3 |  4- 6 || total
-------------------------+-------+-------++-------
Melee: Dagger            |    58 |    14 ||    72
       Constrict         |    13 |     5 ||    18
       Tentacles         |     9 |     4 ||    13
Evoke: Wand              |       |     3 ||     3
 Stab: Sleeping          |    10 |       ||    10
  Eat: Chunk             |     1 |     1 ||     2
Armor: Skin              |     8 |     1 ||     9
Dodge: Dodged            |    36 |     5 ||    41

Table legend:
 A = Non-vault XP
 B = Vault XP
 C = Vault XP percentage of total XP
 D = Non-vault monster count
 E = Vault monster count
 F = Vault count percentage of total count
                 A         B        C        D         E       F
            +---------+---------+-------+---------+---------+-------
      Total |      60 |      34 |  36.2 |      28 |      11 |  28.2
            +---------+---------+-------+---------+---------+-------
        D:1 |      13 |       0 |   0.0 |       9 |       0 |   0.0
        D:2 |      22 |      10 |  31.2 |      12 |       5 |  29.4
        D:3 |      25 |      24 |  49.0 |       7 |       6 |  46.2
            +---------+---------+-------+---------+---------+-------
